 Dungeon Crawl Stone Soup version 0.28.0-53-g5a82cb258f (webtiles) character file.

Game seed: 8776408149389277511

47 KittyFluff the Cudgeller (level 3, -5/24 HPs)
             Began as a Gargoyle Berserker on May 28, 2022.
             Was a Follower of Trog.
             Slain by a worm (7 damage)
             ... on level 2 of the Dungeon.
             The game lasted 00:04:21 (2010 turns).

KittyFluff the Cudgeller (Gargoyle Berserker)       Turns: 2010, Time: 00:04:22

Health: -5/24      AC:  5    Str: 20    XL:     3   Next: 70%
Magic:  3/3        EV: 12    Int:  7    God:    Trog [*.....]
Gold:   60         SH:  0    Dex: 11    Spells: 2/2 levels left

rFire   . . .      SeeInvis .   a - +0 mace
rCold   . . .      Faith    .   (no shield)
rNeg    + . .      Spirit   .   b - +0 animal skin
rPois   ∞          Reflect  .   (no helmet)
rElec   +          Harm     .   (no cloak)
rCorr   .          Rampage  .   (no gloves)
Will    .....                   (no boots)
Stlth   +.........              (no amulet)
HPRegen 0.08/turn               (no ring)
MPRegen 0.08/turn               (no ring)

@: no status effects
A: sickness immunity, AC +3, negative energy resistance 1, electricity
resistance, torment resistance 1, petrification resistance
a: Renounce Religion, Berserk


You were on level 2 of the Dungeon.
You worshipped Trog.
Trog was aware of your devotion.
You visited 1 branch of the dungeon, and saw 2 of its levels.

You collected 60 gold pieces.

Inventory:

Hand Weapons
 a - a +0 mace (weapon)
 e - a +2 spear of venom
 h - a +2 dagger of speed
Missiles
 d - 3 poisoned darts (quivered)
 j - 18 sling bullets
Armour
 b - a +0 animal skin (worn)
 g - a +0 leather armour
 i - an orb of mayhem
Scrolls
 f - 2 scrolls of identify {unknown}
 l - a scroll of vulnerability {unknown}
Potions
 c - a potion of mutation {unknown}
 k - a potion of cancellation {unknown}


   Skills:
 + Level 3.7 Fighting
 + Level 4.0 Maces & Flails
 - Level 2.1 Armour
 + Level 1.9 Dodging
 + Level 0.4 Stealth


You had 2 spell levels left.
You didn't know any spells.
Your spell library was empty.

Dungeon Overview and Level Annotations

Branches:
Dungeon (2/15)

Altars:


Innate Abilities, Weirdness & Mutations

You are immune to sickness and miasma.
Your stone body is resilient. (AC +3)
You are immune to poison.
You resist negative energy. (rN+)
You are resistant to electric shocks. (rElec)
You are resistant to unholy torment.
You are immune to petrification.


Message History

The quokka barely misses you.
You barely miss the quokka.
The quokka is heavily wounded.
The quokka bites you but does no damage.
You hit the quokka but do no damage.
The quokka is heavily wounded.
The quokka bites you but does no damage.
The quokka bites you.
You barely miss the quokka.
The quokka is heavily wounded.
The endoplasm closely misses you. The quokka closely misses you.
The endoplasm barely misses you.
You hit the quokka.
You kill the quokka!
Trog accepts your kill. The endoplasm freezes you.
You are frozen.
Your Maces & Flails skill increases to level 4!
You thump the endoplasm!
You kill the endoplasm!
Trog accepts your kill.
A worm comes into view.
You barely miss the worm. You barely miss the worm. The worm bites you.
You hit the worm.
The worm is moderately wounded.
The worm bites you.
You thump the worm!
The worm is heavily wounded.
The worm barely misses you.
You hit the worm.
The worm is almost dead.
You completely miss the worm.
The worm is almost dead.
The worm bites you!
* * * LOW HITPOINT WARNING * * *
You barely miss the worm.
The worm is severely wounded.
The worm bites you!
You die...

...............................#
#..........................##.##
########.###.##......).....##.#
#. #...#######.###.# # #...# #.#
#.# # #...# #.# #.#
#.##.#.#######.# #.#
..##..............# #.#
........@w..#####.# #.#
..#####.#.#.# #.# #.# ...#.#.#
#. #.# .....#.# # ##.###.#
.......#.. ^..##(# .......###
#..##.# .......# .#####..##.#
........ ........##.# #.....#


You could see a worm.

Vanquished Creatures
  A gnoll (D:1)
  An adder (D:2)
  A ball python (D:1)
  3 endoplasms
  A giant cockroach (D:1)
  2 goblins (D:1)
  A hobgoblin (D:2)
  5 kobolds
  4 quokkas
  3 bats
  A frilled lizard (D:1)
  4 rats (D:1)
27 creatures vanquished.

Notes
Turn   | Place    | Note
-------+----------+-------------------------------------------
     0 | D:1      | KittyFluff the Gargoyle Berserker began the quest for the
                  | Orb.
     0 | D:1      | Reached XP level 1. HP: 14/14 MP: 1/1
   528 | D:1      | Reached XP level 2. HP: 15/19 MP: 2/2
  1169 | D:1      | Reached XP level 3. HP: 19/23 MP: 3/3
  1546 | D:1      | Found a faded altar of an unknown god.
  1985 | D:2      | Reached skill level 4 in Maces & Flails
  2010 | D:2      | Slain by a worm

Illustrated notes

Levels and vault maps discovered:
D:1:      minmay_arrival_loop, layout_loops_ring,
          dreamdust_ecumenical_altar_hidden_monk_grotto
D:2:      layout_basic, hangedman_abyss_or_decor_stabs

Skill      XL: |  1  2  3 |
---------------+----------+-----
Maces & Flails | 4 |  4.0
Fighting       | |  3.7
Armour         | |  2.1
Dodging        | |  1.9
Stealth        | |  0.4

Action                   || total
-------------------------++-------
Melee: Mace              ||   108
       Punch             ||     1
Armor: Animal skin       ||    35
Dodge: Dodged            ||    66
